 Dungeon Crawl Stone Soup version 0.30-a0-1043-g60ff8d5f49 (webtiles) character file.

Game seed: 13554538353924548722

100 GigaChad the Shield-Bearer (level 5, 0/42 HPs)
             Began as a Formicid Fighter on Apr 11, 2023.
             Succumbed to a gnoll sergeant's poison
             ... on level 2 of the Dungeon.
             The game lasted 00:03:02 (1363 turns).

GigaChad the Shield-Bearer (Formicid Fighter)       Turns: 1363, Time: 00:03:03

Health: 0/42       AC:  7    Str: 22    XL:     5   Next: 3%
Magic:  5/5        EV:  9    Int:  8    God:
Gold:   101        SH:  5    Dex: 13    Spells: 4/4 levels left

rFire   . . .      SeeInvis +    a - +0 war axe
rCold   . . .      Faith    .    c - +0 buckler
rNeg    . . .      Spirit   .    b - +0 scale mail
rPois   .          Reflect  .    (helmet unavailable)
rElec   .          Rampage  .    (no cloak)
rCorr   .                        (no gloves)
Will    .....                    (no boots) Stlth
                                 (no amulet)
HPRegen 0.27/turn                (no ring)
MPRegen 0.09/turn                (no ring)

@: lethally poisoned (0 -> -12)
A: permanent stasis, dig shafts and tunnels, antennae 3, four strong arms
a: Dig, Shaft Self


You were on level 2 of the Dungeon.
You visited 1 branch of the dungeon, and saw 2 of its levels.

You collected 101 gold pieces.

Inventory:

Hand Weapons
 a - a +0 war axe (weapon)
Armour
 b - a +0 scale mail (worn)
 c - a +0 buckler (worn)
Jewellery
 g - a ring of protection from fire
Scrolls
 h - 2 scrolls of teleportation
 i - a scroll of torment {unknown}
 k - a scroll of brand weapon {unknown}
 m - 2 scrolls of identify
 o - a scroll of poison {unknown}
Potions
 d - 3 potions of might
 e - 2 potions of flight
 f - a potion of curing {unknown}
 j - a potion of mutation {unknown}
 l - a potion of ambrosia {unknown}
 n - a potion of heal wounds {unknown}
 p - a potion of attraction {unknown}


   Skills:
 + Level 3.9 Fighting
 * Level 3.5 Axes
 + Level 3.7 Armour
 + Level 4.7 Shields


You had 4 spell levels left.
You didn't know any spells.
Your spell library contained the following spells:

 Spells                   Type           Power      Damage    Failure   Level
 Slow                     Hex            0%         N/A       80%         1
 Static Discharge         Conj/Air       0%         2-2/arc   90%         2
 Confusing Touch          Hex            0%         N/A       99%         3
 Vampiric Draining        Necr           0%         2d6       99%         3
 Airstrike                Air            0%         2d(0-16)  100%        4
 Summon Lightning Spire   Summ/Air       0%         N/A       100%        4


Dungeon Overview and Level Annotations

Branches:
Dungeon (2/15)

Altars:

Shops:
D:2 **=?=


Innate Abilities, Weirdness & Mutations

You cannot be hasted, slowed, berserked, paralysed or teleported.
You can dig through walls and to a lower floor.
You have a pair of large antennae on your head. (SInv)
Your four strong arms can wield two-handed weapons with a shield.


Message History

You kill the gnoll!
Things that are here:
a +0 whip; a gnoll corpse
Found the +5 woodcutter's axe.
You block the gnoll sergeant's attack.
You hit the gnoll.
The gnoll is lightly wounded.
The gnoll sergeant hits you from afar with a +1 spear of venom!
You hit the gnoll.
The gnoll is heavily wounded.
The gnoll sergeant hits you from afar with a +1 spear of venom.
You block the gnoll's attack. The gnoll barely misses you.
The gnoll sergeant closely misses you. The gnoll closely misses you.
Unknown command.
You slash the gnoll!
You kill the gnoll!
You barely miss the gnoll. The gnoll misses you.
The gnoll sergeant barely misses you.
You have reached level 5!
You barely miss the gnoll. The gnoll sergeant barely misses you.
Unknown command.
You closely miss the gnoll. The gnoll hits you with a +0 flail.
You block the gnoll sergeant's attack. The gnoll hits you with a +0 flail!
* * * LOW HITPOINT WARNING * * *
The gnoll sergeant hits you from afar with a +1 spear of venom.
* * * LOW HITPOINT WARNING * * *
You are poisoned.
Unknown command.
You are too injured to fight recklessly!
Unknown command.
You are too injured to fight recklessly!
You hit the gnoll but do no damage.
* * * LOW HITPOINT WARNING * * *
You feel very sick. You block the gnoll's attack.
The gnoll sergeant hits you from afar with a +1 spear of venom.
* * * LOW HITPOINT WARNING * * *
You are more poisoned.
You slash the gnoll!
You kill the gnoll!
You die...

##### #..)..# ##...##
♣ ..... ♣ ##.....## ♣$
..... .♣##.......#
♣.###'###.♣#........##
♣........)♣#..........
♣..♣g...♣ ###.....###
♣)..♣.♣ ##...## #
♣..@).♣ ##.## #
♣♣.).♣♣#######.### #
♣..)♣ #.........###
♣♣.♣♣ #.#####......
♣.♣ #.# ###.### #.#
#.#######.###
#.####............
#..#8.8.8......###
###...⌠.⌠.#######


You could see a gnoll sergeant.

Vanquished Creatures
  3 gnolls (D:2)
  5 adders (D:2)
  A worm (D:2)
  2 dart slugs
  3 endoplasms
  A giant cockroach (D:1)
  4 goblins
  2 hobgoblins
  2 ball pythons (D:1)
  A bat (D:1)
  4 frilled lizards
  4 kobolds
  4 rats
36 creatures vanquished.

Notes
Turn   | Place    | Note
-------+----------+-------------------------------------------
     0 | D:1      | GigaChad the Formicid Fighter began the quest for the Orb.
     0 | D:1      | Reached XP level 1. HP: 18/18 MP: 1/1
   152 | D:1      | Reached XP level 2. HP: 24/24 MP: 2/2
   786 | D:2      | Reached XP level 3. HP: 29/30 MP: 3/3
   806 | D:2      | Found Qedos's Jewellery Shop.
   834 | D:2      | Found Cofykeno's General Store.
   898 | D:2      | Reached XP level 4. HP: 32/37 MP: 4/4
   917 | D:2      | Found Anamekhlu's Assorted Antiques.
  1150 | D:2      | Found Toava's Jewellery Shoppe.
  1260 | D:2      | Found Taolotum's Magic Scroll Boutique.
  1352 | D:2      | Noticed a gnoll sergeant
  1356 | D:2      | Found the +5 woodcutter's axe
  1360 | D:2      | Reached XP level 5. HP: 26/42 MP: 5/5
  1362 | D:2      | HP: 2/42 [gnoll sergeant/+1 spear of venom (2)]
  1363 | D:2      | Succumbed to a gnoll sergeant's poison

Illustrated notes

Levels and vault maps discovered:
D:1:      zelgadis_glass_arrival_small, layout_loops_ring
D:2:      layout_loops_ring, serial_shops, nicolae_shop_trees,
          nicolae_shop_waterfront, nicolae_shop_stone,
          nicolae_shop_temple_entry_statues_fountains, shop,
          pf_guarded_unrand_woodcutter

Skill      XL: |  1  2  3  4 |
---------------+-------------+-----
Axes           | 3 |  3.5
Fighting       | |  3.9
Armour         | |  3.7
Shields        | |  4.7

Action                     |  1- 3 |  4- 6 || total
---------------------------+-------+-------++-------
  Melee: War axe           |    61 |    28 ||    89
    Use: Scroll            |     4 |       ||     4
 Armour: Scale mail        |    26 |     5 ||    31
  Dodge: Dodged            |    28 |    14 ||    42
  Block: Buckler           |    14 |     8 ||    22

Table legend: (Time is in decaauts)
 A = Elapsed time spent in this place.
 B = Non-inter-level travel time spent in this place.
 C = Inter-level travel time spent in this place.
 D = Time resting spent in this place.
 E = Time spent auto-exploring this place.
 F = Levels seen in this place.
 G = Mean time per level.
                   A        B        C        D        E       F      G
               +--------+--------+--------+--------+--------+-----+--------+
         Total |   1398 |   1369 |     29 |      0 |   1050 |   2 |  699.0 |
       Dungeon |   1398 |   1369 |     29 |      0 |   1050 |   2 |  699.0 |
               +--------+--------+--------+--------+--------+-----+--------+

Top non-repeatable levels by time:
     D:1: 779 daAuts
     D:2: 619 daAuts
